General information
- name: BNet
- type: Ladder team game (AT/RT)
- host: Battle.net
- saver: Caffeine
map: GolemsInTheMist
- players: 8
- length: 15:28
- speed: Fast
- version: 1.26 W3XP
- replay type: Public
» download(95 KB)
Players
team 1 (winner)

»
Pyro24 (
purple | 57 APM | 876 actions | 15:27)
4 Archmage
2 Summon Water Elemental
2 Brilliance Aura
» actions
| Assign group hotkey | 11 | |
| Basic commands | 10 | |
| Build / train | 42 | |
| Enter build submenu | 23 | |
| Enter hero's abilities submenu | 4 | |
| Right click | 224 | |
| Select / deselect | 297 | |
| Select group hotkey | 233 | |
| Use ability | 30 | |
876 total
» units
| Peasant | 7 | |
| Rifleman | 10 | |
| Mortar Team | 4 | |
| Sorceress | 2 | |
| Priest | 1 | |
24 total
» upgrades
| Gunpowder | 3 | |
| Lumber Harvesting | 2 | |
| Sorceress Training | 1 | |
| Long Rifles | 1 | |
| Fragmentation Shards | 1 | |
| Armor | 1 | |
9 total
» buildings
| Altar of Kings | 1 | |
| Barracks | 1 | |
| Farm | 9 | |
| Blacksmith | 1 | |
| Lumber Mill | 1 | |
| Scout Tower | 2 | |
| Keep | 1 | |
| Guard Tower | 2 | |
| Workshop | 2 | |
| Arcane Sanctum | 1 | |
| Castle | 1 | |
22 total
» build order
00:13 Altar of Kings
00:20 Barracks
00:39 Farm
00:47 Farm
01:34 Farm
02:03 Blacksmith
02:34 Lumber Mill
03:28 Scout Tower
03:38 Keep
03:56 Farm
04:05 Guard Tower
04:39 Scout Tower
04:51 Farm
05:07 Guard Tower
06:07 Workshop
06:18 Workshop
07:24 Arcane Sanctum
07:28 Farm
09:13 Castle
09:56 Farm
10:38 Farm
13:48 Farm
Caffeine (
pink | 73 APM | 1137 actions | 15:28)
6 Blademaster
3 Wind Walk
2 Critical Strike
1 Bladestorm
» actions
| Assign group hotkey | 159 | |
| Basic commands | 25 | |
| Build / train | 41 | |
| Enter build submenu | 40 | |
| Enter hero's abilities submenu | 6 | |
| Give item / drop item | 2 | |
| Right click | 528 | |
| Select / deselect | 175 | |
| Select group hotkey | 75 | |
| Use ability | 86 | |
1137 total
» units
| Peon | 9 | |
| Grunt | 4 | |
| Goblin Shredder | 5 | |
| Troll Witch Doctor | 1 | |
19 total
» upgrades
| Troll Regeneration | 1 | |
| Ranged Weapons | 2 | |
| Armor | 1 | |
4 total
» buildings
| Orc Burrow | 5 | |
| Altar of Storms | 1 | |
| Barracks | 1 | |
| Voodoo Lounge | 1 | |
| Stronghold | 1 | |
| War Mill | 2 | |
| Watch Tower | 22 | |
| Spirit Lodge | 1 | |
| Great Hall | 1 | |
| Fortress | 1 | |
| Beastiary | 6 | |
42 total
» build order
00:17 Orc Burrow
01:02 Altar of Storms
01:02 Barracks
01:12 Orc Burrow
01:39 Voodoo Lounge
02:53 Stronghold
03:20 Orc Burrow
04:19 War Mill
04:40 Orc Burrow
06:14 Watch Tower
06:15 Watch Tower
06:17 Spirit Lodge
06:35 Great Hall
07:15 Watch Tower
07:16 Watch Tower
07:16 Watch Tower
07:22 Watch Tower
07:22 Watch Tower
09:50 Fortress
09:53 Watch Tower
09:53 Watch Tower
09:55 Watch Tower
09:55 Watch Tower
09:55 Watch Tower
09:59 Watch Tower
10:00 Watch Tower
10:10 Watch Tower
10:11 Watch Tower
11:18 Beastiary
11:27 Watch Tower
11:29 Watch Tower
11:30 Watch Tower
11:32 Watch Tower
11:34 Watch Tower
11:36 Watch Tower
11:42 Beastiary
11:53 Orc Burrow
13:25 War Mill
14:13 Beastiary
14:14 Beastiary
14:15 Beastiary
14:23 Beastiary
» items
| Healing Salve | 3 | |
| Lesser Clarity Potion | 1 | |
| Potion of Mana | 2 | |
| Potion of Healing | 2 | |
| Orb of Lightning | 1 | |
9 total

»
rampage- (
orange | 27 APM | 421 actions | 15:27)
4 Archmage
2 Summon Water Elemental
2 Brilliance Aura
» actions
| Basic commands | 1 | |
| Build / train | 67 | |
| Enter build submenu | 30 | |
| Enter hero's abilities submenu | 4 | |
| Right click | 98 | |
| Select / deselect | 184 | |
| Use ability | 37 | |
421 total
» units
| Peasant | 25 | |
| Footman | 5 | |
| Knight | 4 | |
| Priest | 5 | |
39 total
» upgrades
| Masonry | 2 | |
| Priest Training | 2 | |
| Animal War Training | 1 | |
| Lumber Harvesting | 2 | |
| Plating | 2 | |
| Swords | 1 | |
10 total
» buildings
| Altar of Kings | 1 | |
| Farm | 8 | |
| Barracks | 2 | |
| Lumber Mill | 1 | |
| Scout Tower | 13 | |
| Blacksmith | 1 | |
| Guard Tower | 11 | |
| Keep | 1 | |
| Town Hall | 1 | |
| Castle | 1 | |
| Arcane Sanctum | 1 | |
41 total
» build order
00:22 Altar of Kings
00:38 Farm
00:56 Barracks
01:13 Lumber Mill
01:22 Farm
02:03 Farm
02:51 Farm
03:32 Scout Tower
03:36 Farm
03:46 Blacksmith
04:09 Scout Tower
04:12 Guard Tower
04:15 Keep
04:22 Farm
05:07 Guard Tower
05:11 Scout Tower
05:14 Farm
05:21 Farm
05:43 Guard Tower
06:48 Scout Tower
06:51 Scout Tower
06:55 Scout Tower
07:14 Town Hall
07:20 Guard Tower
07:21 Guard Tower
07:26 Guard Tower
07:30 Scout Tower
07:59 Guard Tower
09:05 Castle
09:17 Barracks
09:53 Scout Tower
10:12 Arcane Sanctum
10:27 Guard Tower
10:29 Scout Tower
10:38 Scout Tower
11:07 Guard Tower
11:13 Scout Tower
11:50 Guard Tower
12:35 Scout Tower
14:52 Guard Tower
14:58 Scout Tower
moffatt2241 (
green | 24 APM | 371 actions | 15:27)
4 Paladin
1 Divine Shield
1 Holy Light
2 Devotion Aura
3 Mountain King
1 Thunder Clap
2 Bash
» actions
| Build / train | 58 | |
| Enter build submenu | 23 | |
| Enter hero's abilities submenu | 7 | |
| Give item / drop item | 2 | |
| Right click | 66 | |
| Select / deselect | 175 | |
| Use ability | 39 | |
371 total
» units
| Peasant | 13 | |
| Footman | 3 | |
| Rifleman | 5 | |
| Dragonhawk Rider | 4 | |
| Gryphon Rider | 12 | |
37 total
» upgrades
| Armor | 2 | |
| Swords | 2 | |
| Lumber Harvesting | 2 | |
| Storm Hammers | 1 | |
7 total
» buildings
| Altar of Kings | 1 | |
| Barracks | 1 | |
| Farm | 13 | |
| Blacksmith | 1 | |
| Lumber Mill | 1 | |
| Town Hall | 1 | |
| Keep | 1 | |
| Arcane Vault | 1 | |
| Gryphon Aviary | 2 | |
| Castle | 1 | |
23 total
» build order
00:09 Altar of Kings
00:14 Barracks
00:17 Farm
01:03 Farm
01:56 Blacksmith
02:49 Farm
03:13 Lumber Mill
03:34 Farm
04:18 Farm
05:02 Town Hall
05:15 Keep
05:30 Arcane Vault
06:35 Farm
07:39 Gryphon Aviary
07:41 Castle
07:45 Gryphon Aviary
09:14 Farm
10:18 Farm
11:05 Farm
11:45 Farm
12:30 Farm
13:15 Farm
13:54 Farm
» items
team 2 (loser)

»
horaz2 (
yellow | 73 APM | 1127 actions | 15:26)
2 Blood Mage
1 Flame Strike
1 Siphon Mana
1 Paladin
1 Holy Light
1 Mountain King
1 Storm Bolt
» actions
| Basic commands | 219 | |
| Build / train | 58 | |
| ESC pressed | 3 | |
| Enter build submenu | 23 | |
| Enter hero's abilities submenu | 4 | |
| Give item / drop item | 1 | |
| Right click | 350 | |
| Select / deselect | 330 | |
| Use ability | 139 | |
1127 total
» units
| Peasant | 21 | |
| Footman | 5 | |
| Gryphon Rider | 7 | |
| Dragonhawk Rider | 1 | |
34 total
» upgrades
| Defend | 1 | |
| Lumber Harvesting | 2 | |
| Storm Hammers | 1 | |
4 total
» buildings
| Altar of Kings | 1 | |
| Farm | 10 | |
| Barracks | 1 | |
| Scout Tower | 4 | |
| Arcane Vault | 1 | |
| Arcane Tower | 3 | |
| Lumber Mill | 1 | |
| Keep | 1 | |
| Town Hall | 1 | |
| Castle | 1 | |
| Guard Tower | 2 | |
| Gryphon Aviary | 2 | |
| Blacksmith | 1 | |
29 total
» build order
00:20 Altar of Kings
00:35 Farm
00:51 Barracks
01:11 Farm
01:34 Scout Tower
01:59 Arcane Vault
02:06 Arcane Tower
02:36 Farm
02:50 Lumber Mill
03:33 Keep
04:55 Town Hall
05:27 Farm
05:58 Castle
06:03 Scout Tower
06:07 Scout Tower
06:42 Guard Tower
07:23 Gryphon Aviary
07:25 Gryphon Aviary
07:35 Guard Tower
07:37 Scout Tower
09:59 Farm
10:01 Farm
10:15 Farm
10:28 Farm
10:39 Farm
10:53 Arcane Tower
11:47 Blacksmith
11:53 Farm
» items
| Lesser Clarity Potion | 3 | |
| Scroll of Regeneration | 1 | |
| Scroll of Town Portal | 1 | |
5 total

»
Kwelsh0027 (
teal | 28 APM | 418 actions | 14:55)
1 Paladin
1 Devotion Aura
1 Archmage
1 Brilliance Aura
» actions
| Assign group hotkey | 3 | |
| Build / train | 33 | |
| Enter build submenu | 21 | |
| Enter hero's abilities submenu | 2 | |
| Remove unit from queue | 2 | |
| Right click | 178 | |
| Select / deselect | 120 | |
| Select group hotkey | 38 | |
| Use ability | 21 | |
418 total
» units
| Peasant | 11 | |
| Footman | 6 | |
| Goblin Shredder | 1 | |
| Knight | 4 | |
22 total
» upgrades
| Swords | 1 | |
| Plating | 1 | |
| Animal War Training | 1 | |
3 total
» buildings
| Altar of Kings | 1 | |
| Farm | 13 | |
| Barracks | 3 | |
| Lumber Mill | 1 | |
| Blacksmith | 1 | |
| Keep | 1 | |
| Castle | 1 | |
21 total
» build order
00:11 Altar of Kings
00:23 Farm
00:55 Barracks
01:29 Lumber Mill
01:40 Farm
02:41 Farm
03:43 Farm
04:32 Farm
04:53 Blacksmith
04:59 Keep
05:24 Farm
07:34 Farm
07:36 Castle
07:43 Barracks
09:09 Barracks
10:01 Farm
11:27 Farm
11:33 Farm
12:00 Farm
12:06 Farm
14:14 Farm
kimmer (
red | 35 APM | 534 actions | 15:03)
3 Dreadlord
1 Sleep
2 Vampiric Aura
1 Death Knight
1 Death Coil
» actions
| Assign group hotkey | 8 | |
| Build / train | 43 | |
| Enter build submenu | 11 | |
| Enter hero's abilities submenu | 4 | |
| Right click | 286 | |
| Select / deselect | 147 | |
| Select group hotkey | 3 | |
| Use ability | 32 | |
534 total
» units
| Acolyte | 6 | |
| Ghoul | 6 | |
| Goblin Shredder | 1 | |
| Gargoyle | 11 | |
24 total
» upgrades
| Cannibalize | 1 | |
| Unholy Armor | 2 | |
| Unholy Strength | 1 | |
| Creature Carapace | 2 | |
| Creature Attack | 1 | |
| Stone Form | 1 | |
| Ghoul Frenzy | 1 | |
9 total
» buildings
| Ziggurat | 4 | |
| Altar of Darkness | 1 | |
| Crypt | 2 | |
| Graveyard | 1 | |
| Tomb of Relics | 1 | |
| Nerubian Tower | 1 | |
| Halls of the Dead | 1 | |
| Black Citadel | 1 | |
| Necropolis | 1 | |
13 total
» build order
00:10 Ziggurat
00:12 Altar of Darkness
00:58 Crypt
01:04 Crypt
01:34 Graveyard
01:52 Ziggurat
02:17 Tomb of Relics
03:20 Ziggurat
03:28 Nerubian Tower
04:08 Halls of the Dead
05:08 Ziggurat
07:23 Black Citadel
14:08 Necropolis
» items
swp51 (
blue | 39 APM | 590 actions | 15:00)
3 Mountain King
2 Storm Bolt
1 Bash
1 Paladin
1 Holy Light
» actions
| Assign group hotkey | 19 | |
| Basic commands | 5 | |
| Build / train | 53 | |
| ESC pressed | 1 | |
| Enter build submenu | 19 | |
| Enter hero's abilities submenu | 5 | |
| Right click | 195 | |
| Select / deselect | 166 | |
| Select group hotkey | 92 | |
| Use ability | 35 | |
590 total
» units
| Peasant | 10 | |
| Footman | 3 | |
| Rifleman | 4 | |
| Goblin Zeppelin | 1 | |
| Mortar Team | 5 | |
| Priest | 7 | |
| Sorceress | 1 | |
| Flying Machine | 4 | |
| Knight | 1 | |
36 total
» upgrades
| Plating | 1 | |
| Long Rifles | 1 | |
| Gunpowder | 1 | |
| Fragmentation Shards | 1 | |
| Priest Training | 1 | |
5 total
» buildings
| Altar of Kings | 1 | |
| Farm | 9 | |
| Barracks | 1 | |
| Arcane Vault | 1 | |
| Scout Tower | 1 | |
| Blacksmith | 1 | |
| Arcane Tower | 1 | |
| Lumber Mill | 1 | |
| Keep | 1 | |
| Castle | 1 | |
| Arcane Sanctum | 1 | |
| Workshop | 1 | |
| Town Hall | 1 | |
21 total
» build order
00:02 Altar of Kings
00:05 Farm
00:46 Barracks
01:07 Farm
01:25 Arcane Vault
01:48 Farm
02:38 Scout Tower
02:45 Blacksmith
02:52 Farm
03:13 Arcane Tower
03:20 Lumber Mill
04:30 Keep
05:30 Farm
06:05 Farm
07:00 Castle
07:15 Arcane Sanctum
07:18 Workshop
09:36 Farm
10:36 Town Hall
11:33 Farm
12:29 Farm
» items
| Scroll of Regeneration | 2 | |
| Lesser Clarity Potion | 1 | |
3 total
Chat log
(00:25 / Allies) Pyro24: units?
(00:32 / Allies) Pyro24: im goin AM
(00:34 / Allies) moffatt2241: i got rifle to griff
(01:30 / All) Caffeine: love don't cost a thang
(02:57 / Allies) Pyro24: morts and casters
(05:51 / Allies) moffatt2241: on way
(08:16 / Allies) rampage-: units?
(08:24 / All) Caffeine: mh?
(08:30 / Allies) rampage-: units?
(08:43 / All) swp51: sentry hack
(09:04 / All) Caffeine: didn't work out well for you
(09:18 / Allies) Pyro24: they have gargs
(09:23 / Allies) moffatt2241: i got air coming
(09:29 / Allies) rampage-: morerifles
(09:39 / Allies) rampage-: knights priest
(10:48 / Allies) rampage-: wood?
(10:57 / All) horaz2: MH!
(11:54 / Allies) moffatt2241: yall want to hit?
(12:07 / Allies) rampage-: dont really have anything
(12:21 / Allies) rampage-: can i get some wood
(13:28 / Allies) moffatt2241: tp
(14:07 / Allies) moffatt2241: hit
(14:24 / Allies) rampage-: green
(14:30 / Allies) moffatt2241: ya
(14:38 / Allies) moffatt2241: no tp
(15:24 / 4) Caffeine: stay
(15:25 / 4) Caffeine: I tk